 Dungeon Crawl Stone Soup version 0.31-a0-251-gdc1e01ee57 (webtiles) character file.

Game seed: 724709118542513448

366 qw the Shooter (level 6, 0/37 HPs)
             Began as a Gargoyle Hexslinger on July 12, 2023.
             Slain by Menkaure (12 damage)
             ... on level 4 of the Dungeon.
             The game lasted 00:01:30 (3162 turns).

qw the Shooter (Gargoyle Hexslinger)                Turns: 3162, Time: 00:01:30

Health: 0/37       AC: 16    Str: 16    XL:     6   Next: 68%
Magic:  7/7        EV: 11    Int: 12    God:
Gold:   278        SH:  0    Dex: 13    Spells: 6/7 levels left

rFire   . . .        Y - +0 longbow
rCold   . . .        (shield currently unavailable)
rNeg    + . .        e - +0 ring mail
rPois   inf          (helmet restricted)
rElec   +            (no cloak)
rCorr   .            k - +2 pair of gloves
SInv    .            l - +1 pair of boots
Will    +....        (no amulet)
Stlth   +            (no ring)
HPRegen 0.26/turn    (no ring)
MPRegen 0.10/turn

%: clarity
@: no status effects
A: sickness immunity, AC +4, negative energy resistance 1, electricity
resistance, torment resistance 1, petrification resistance, beak, iridescent
scales 1, clarity, strong-willed 1, strong 1
a: no special abilities


You were on level 4 of the Dungeon.
You visited 1 branch of the dungeon, and saw 4 of its levels.

You collected 278 gold pieces.


Innate Abilities, Weirdness & Mutations

You are immune to sickness and miasma.
Your stone body is resilient. (AC +4)
You are immune to poison.
You resist negative energy. (rN+)
You are resistant to electric shocks. (rElec)
You are resistant to unholy torment.
You are immune to petrification.
You have a beak for a mouth.
You are partially covered in iridescent scales. (AC +2)
You possess an exceptional clarity of mind.
You are strong-willed. (Will+)
Your muscles are strong. (Str +4, Int/Dex -1)


   Skills:
 + Level 3.5 Fighting
 - Level 6.0 Ranged Weapons
 - Level 1.0 Armour
 - Level 1.5 Dodging
 - Level 1.0 Spellcasting
 - Level 2.6 Hexes


You had 6 spell levels left.
You knew the following spells:

 Your Spells              Type           Power      Damage    Failure   Level
a - Slow                  Hex            28%        N/A       19%         1

Your spell library contained the following spells:

 Spells                   Type           Power      Damage    Failure   Level
 Inner Flame              Hex/Fire       3%         N/A       69%         3
 Portal Projectile        Hex/Tloc       6%         N/A       69%         3
 Cause Fear               Hex            3%         N/A       88%         4

Inventory:

Hand Weapons
 Y - a +0 longbow (weapon)
Armour
 e - a +0 ring mail (worn)
 k - a +2 pair of gloves (worn)
 l - a +1 pair of boots (worn)
Scrolls
 m - a scroll of identify
Potions
 a - 3 potions of curing
 d - a potion of enlightenment {unknown}
 g - a potion of degeneration {unknown}
 j - a potion of might {unknown}

Dungeon Overview and Level Annotations

Branches:
Dungeon (4/15)
 Temple: D:4-7

Altars:
Elyvilon
Fedhas
Qazlal
Ru
Sif Muna

Shops:
D:2 (

Annotations:
D:4 Grinder, Menkaure


Message History

Enter note:
Enter note:
Enter note:
Enter note: You shoot an arrow.
The arrow closely misses Grinder.
Grinder gestures at you. Pain shoots through your body!
You shoot an arrow. The arrow hits Grinder.
Grinder is lightly wounded.
Grinder barely misses you.
You shoot an arrow. The arrow hits Grinder.
Grinder is lightly wounded.
Grinder misses you.
You shoot an arrow. The arrow barely misses Grinder.
Grinder barely misses you.
Menkaure calls on the powers of darkness!
Your body is wracked with pain!
Grinder barely misses you.
You shoot an arrow. The arrow barely misses Grinder.
Grinder hits you but does no damage.
Menkaure casts a spell.
Menkaure seems to speed up.
You shoot an arrow. The arrow closely misses Grinder.
Grinder blinks!
Menkaure calls on the powers of darkness!
Your body is wracked with pain!
You shoot an arrow. The arrow hits Menkaure!
Menkaure is moderately damaged.
Menkaure points at you and mumbles some strange words.
You resist with some effort.
A ball python comes into view.
Grinder blinks!
Menkaure sighs, "It doesn't hurt if you pull your brain out of your nose yourself."
Menkaure hits you!
You shoot an arrow. The ball python hisses angrily.
The arrow hits Menkaure.
Menkaure is heavily damaged.
Menkaure points at you and mumbles some strange words.
You resist with some effort. Menkaure hits you!
You die...

#..................#......
##......###................
#.......###................ .
#>.<.#...###............<..
...#...##....#...............
#.......#...........#........
........S....................
.###...#...M.5.......##......
#...#..#.@................
##.##..##.........).......
.5....................##.
.....##...............###.
...... #......####.#...)...
##..... ##....## #..#.##....
..... #....# #..#..###..
.....# #.##..# ##.
#..#....#.#


You could see Grinder, Menkaure (fast) and a ball python.

Vanquished Creatures
  2 orc priests
  Jessica (D:3)
  Natasha (thrice) (D:3)
  An orc wizard (D:3)
  3 gnolls (D:4)
  4 adders
  A worm (D:3)
  2 dart slugs
  13 orcs
  3 ball pythons
  7 bats
  5 endoplasms
  2 giant cockroaches
  6 goblins
  9 hobgoblins
  10 jackals
  10 kobolds
  4 quokkas
  3 frilled lizards
  6 rats
95 creatures vanquished.

Notes
Turn   | Place    | Note
-------+----------+-------------------------------------------
     0 | D:1      | qw the Gargoyle Hexslinger began the quest for the Orb.
     0 | D:1      | Reached XP level 1. HP: 12/12 MP: 2/2
     0 | D:1      | 0 ||| qw: Version: 0.3-a-52-g30416fa
     0 | D:1      | 0 ||| qw: Game counter: 6572
     0 | D:1      | 0 ||| qw: Melee chars always use a shield: true
     0 | D:1      | 0 ||| qw: God list: Okawaru
     0 | D:1      | 0 ||| qw: Allow faded altars: false
     0 | D:1      | 0 ||| qw: Do Orc after clearing Dungeon:15 true
     0 | D:1      | 0 ||| qw: Do second Lair branch before Depths: true
     0 | D:1      | 0 ||| qw: Lair rune preference: random
     0 | D:1      | 0 ||| qw: Goals: Normal
     0 | D:1      | 0 ||| PLANNING D:1-11
   127 | D:1      | 127 ||| READING scroll labelled COESOYLESIU.
   129 | D:1      | 129 ||| FLEEEEING.
   160 | D:1      | Reached XP level 2. HP: 16/16 MP: 3/3
   256 | D:1      | Reached skill level 3 in Ranged Weapons
   297 | D:1      | Found a faded altar of an unknown god.
   326 | D:1      | Reached XP level 3. HP: 19/21 MP: 4/4
   735 | D:1      | 735 ||| READING scroll labelled LEUG NURPHA.
   738 | D:1      | 738 ||| Stepping ~*~*~tactically~*~*~ (water).
   818 | D:1      | 818 ||| DROPPING scroll of poison.
  1037 | D:2      | Found a shimmering blue altar of Sif Muna.
  1037 | D:2      | Found Anull's Antique Weapon Shoppe.
  1089 | D:2      | Reached XP level 4. HP: 26/26 MP: 5/5
  1219 | D:2      | Reached skill level 4 in Ranged Weapons
  1542 | D:2      | 1542 ||| UPGRADING to +0 ring mail.
  1552 | D:2      | 1552 ||| DROPPING +0 robe.
  1553 | D:2      | 1553 ||| UPGRADING to +0 pair of gloves.
  1558 | D:2      | 1558 ||| READING scroll labelled DYG NURAQUSHO.
  1559 | D:2      | 1559 ||| READING scroll labelled CAOGEAD OTIRGH.
  1564 | D:2      | 1564 ||| DRINKING 2 red potions.
  1565 | D:2      | 1565 ||| DROPPING potion of attraction.
  1585 | D:3      | 1585 ||| PLANNING SEWER
  1735 | D:3      | Reached skill level 1 in Armour
  1738 | D:3      | Noticed Jessica
  1740 | D:3      | Killed Jessica
  1755 | D:3      | Reached XP level 5. HP: 30/30 MP: 6/6
  1769 | D:3      | Reached skill level 5 in Ranged Weapons
  1827 | D:3      | HP: 5/30 [orc/+0 hand axe (5)]
  1828 | D:3      | 1828 ||| READING 2 scrolls of teleportation.
  2210 | D:3      | 2210 ||| RIP SEWER
  2211 | D:3      | 2211 ||| PLANNING D:1-11
  2228 | D:3      | 2228 ||| SWAPPING to +0 longbow.
  2231 | D:3      | 2231 ||| DROPPING +1 sling.
  2347 | D:3      | Found a white marble altar of Elyvilon.
  2347 | D:3      | Found a sacrificial altar of Ru.
  2347 | D:3      | Found a stormy altar of Qazlal.
  2347 | D:3      | Noticed Natasha
  2363 | D:3      | Killed Natasha
  2364 | D:3      | Reached skill level 3 in Fighting
  2389 | D:3      | Found a blossoming altar of Fedhas.
  2493 | D:3      | Noticed Natasha
  2499 | D:3      | HP: 7/32 [cerulean imp/+0 spear[Natasha] (3)]
  2500 | D:3      | 2500 ||| READING scroll of teleportation.
  2501 | D:3      | 2501 ||| Stepping ~*~*~tactically~*~*~ (outnumbered).
  2608 | D:3      | Killed Natasha
  2609 | D:3      | Reached XP level 6. HP: 34/37 MP: 7/7
  2762 | D:3      | 2762 ||| UPGRADING to +2 pair of gloves.
  2772 | D:3      | 2772 ||| DROPPING +0 pair of gloves.
  2773 | D:3      | 2773 ||| UPGRADING to +1 pair of boots.
  2778 | D:3      | 2778 ||| READING 3 scrolls labelled CILURGH GO NOUMN.
  2779 | D:3      | 2779 ||| READING scroll labelled QEIGAATUXA.
  2780 | D:3      | 2780 ||| DRINKING 2 fizzy yellow potions.
  2780 | D:3      | Gained mutation: You are somewhat resistant to further
                  | mutation. [potion of mutation]
  2780 | D:3      | Gained mutation: You occasionally lose the ability to read
                  | scrolls when taking damage. [potion of mutation]
  2780 | D:3      | Gained mutation: You are frail. (-10% HP) [potion of
                  | mutation]
  2780 | D:3      | Gained mutation: You have a beak for a mouth. [potion of
                  | mutation]
  2781 | D:3      | 2781 ||| DRINKING potion of mutation.
  2781 | D:3      | Lost mutation: You occasionally lose the ability to read
                  | scrolls when taking damage. [potion of mutation]
  2781 | D:3      | Lost mutation: You are frail. (-10% HP) [potion of
                  | mutation]
  2781 | D:3      | Lost mutation: You are somewhat resistant to further
                  | mutation. [potion of mutation]
  2781 | D:3      | Gained mutation: You possess an exceptional clarity of
                  | mind. [potion of mutation]
  2781 | D:3      | Gained mutation: You are partially covered in iridescent
                  | scales. (AC +2) [potion of mutation]
  2781 | D:3      | Gained mutation: You are strong-willed. (Will+) [potion of
                  | mutation]
  2781 | D:3      | Gained mutation: Your muscles are strong. (Str +4, Int/Dex
                  | -1) [potion of mutation]
  2795 | D:3      | 2795 ||| READING 2 scrolls of identify.
  2795 | D:3      | 2795 ||| IDENTIFYING yellow potion
  2828 | D:4      | 2828 ||| STAIRDANCE
  2881 | D:3      | Noticed Natasha
  2893 | D:3      | Killed Natasha
  2940 | D:4      | 2940 ||| FLEEEEING.
  2941 | D:4      | 2941 ||| FLEEEEING.
  2942 | D:4      | 2942 ||| FLEEEEING.
  2943 | D:4      | 2943 ||| STAIRDANCE
  3049 | D:4      | Reached skill level 6 in Ranged Weapons
  3147 | D:4      | Noticed Grinder
  3148 | D:4      | Noticed Menkaure
  3149 | D:4      | 3149 ||| Stepping ~*~*~tactically~*~*~ (outnumbered).
  3162 | D:4      | Slain by Menkaure

Levels and vault maps discovered:
D:1:      lemuel_arrival_funnel, layout_loops_ring,
          dreamdust_ecumenical_altar_statues, serial_bayou_lagoon_a,
          minmay_statues_item
D:2:      layout_loops_ring, serial_shops, shop, basic_altar
D:3:      layout_loops_ring, chequers_temple_overflow_statue_of_worship,
          portal_sewer_entry_d, uniq_natasha, uniq_jessica
D:4:      layout_cave_pools, uniq_eustachio, uniq_menkaure, uniq_grinder

Skill      XL: |  1  2  3  4  5  6 |
---------------+-------------------+-----
Ranged Weapons | 3 4 5 6 |  6.0
Fighting       | 2 3 |  3.5
Armour         | 1 |  1.0
Dodging        | |  1.5
Spellcasting   | |  1.0
Hexes          | |  2.6

Action                     |  1- 3 |  4- 6 || total
---------------------------+-------+-------++-------
   Fire: Sling             |   125 |   132 ||   257
         Longbow           |       |   116 ||   116
    Use: Scroll            |     2 |     7 ||     9
         Potion            |       |     3 ||     3
 Armour: Robe              |    28 |    17 ||    45
         Ring mail         |       |   113 ||   113
  Dodge: Dodged            |    62 |   102 ||   164

Table legend:
 A = Non-vault XP
 B = Vault XP
 C = Vault XP percentage of total XP
 D = Non-vault monster count
 E = Vault monster count
 F = Vault count percentage of total count
                 A         B        C        D         E       F
            +---------+---------+-------+---------+---------+-------
      Total |     439 |      85 |  16.2 |      92 |       3 |   3.2
            +---------+---------+-------+---------+---------+-------
        D:1 |      51 |       0 |   0.0 |      28 |       0 |   0.0
        D:2 |      55 |       0 |   0.0 |      24 |       0 |   0.0
        D:3 |     225 |      85 |  27.4 |      28 |       3 |   9.7
        D:4 |     108 |       0 |   0.0 |      12 |       0 |   0.0
            +---------+---------+-------+---------+---------+-------
